AoeStats
← JimJimJimmeh

Arabian Desert

510766107Analyzed
1v1 RM · 12h ago on Oct 2, 2026· 43m 10s· 2 players
Game mode
Random Map
Map size
Tiny (2 player)
Population
200
Speed
Normal
Resources
Standard
Victory
Conquest
Starting age
Dark Age
Ending age
Imperial Age
RankedLock teamsTeams togetherTeam positionsShared explorationLock speedFull tech treeHidden civsTurbo modeCheats
Victory
Defeat
🇭🇰 Hindustanis · Hong Kong SAR China
1150
+17
🇬🇧 Khitans · United Kingdom
1179
-17
alexlau.munhean
6:38 Loom
9:08 Feudal Age
9:46 Double-Bit Axe
11:58 Horse Collar
12:21 Padded Archer Armor
15:28 Fletching
23:02 Castle Age
22:05 Scale Barding Armor
23:13 Bloodlines
23:48 Forging
23:08 Crossbowman
25:28 Pikeman
26:11 Bodkin Arrow
26:19 Husbandry
28:24 Chain Barding Armor
30:03 Iron Casting
33:30 Wheelbarrow
32:23 Elite Skirmisher
35:05 Leather Archer Armor
35:50 Bow Saw
36:21 Hand Cart
36:54 Thumb Ring
37:29 Gold Mining
37:38 Stone Mining
42:41 Imperial Age
42:03 Grand Trunk Road
JimJimJimmeh
6:20 Loom
9:52 Feudal Age
10:19 Double-Bit Axe
16:53 Domestication
19:20 Forging
19:46 Forging
25:26 Castle Age
24:38 Gold Mining
25:44 Fletching
25:29 Elite Skirmisher
26:22 Bodkin Arrow
27:15 Husbandry
26:55 Heavy Cavalry Archer
32:51 Thumb Ring
36:25 Sanctity
41:20 Ballistics
Connection lost

Rejoining the realm…

Still unreachable

The connection could not be restored.

Session expired

The server has moved on; the page needs a fresh start.